 Dungeon Crawl Stone Soup version 0.20.1-1-g8b1a95d (webtiles) character file.

123 Jannitor the Slasher (level 4, -3/37 HPs)
             Began as a Vampire Chaos Knight on Sept 12, 2017.
             Killed by divine providence
             ... invoked by an orc priest
              (16 damage)
             ... on level 4 of the Dungeon.
             The game lasted 00:04:16 (3105 turns).

Jannitor the Slasher (Vampire Chaos Knight)         Turns: 3105, Time: 00:04:17

Health: -3/37      AC:  6    Str: 11    XL:     4   Next: 79%
Magic:  4/4        EV: 12    Int: 14    God:    Xom [...*..]
Gold:   192        SH:  0    Dex: 12    Spells: 3/3 levels left

rFire    . . .     SeeInvis +   a - +0 falchion (chaos)
rCold    . . .     Gourm    .   (no shield)
rNeg     + . .     Faith    .   b - +2 leather armour
rPois    +         Spirit   .   u - +1 hat
rElec    .         Reflect  .   (no cloak)
rCorr    .         Harm     .   (no gloves)
MR       .....     Clarity  +   (no boots)
Stlth    +.........             (no amulet)
Regen    0.2/turn               (no ring)
MPRegen  0.1/turn               (no ring)

@: no status effects
A: fangs 3, see invisible, clarity, clumsy 1, mutation resistance 1, sense
surroundings 1, poison resistance, unbreathing
a: Bat Form, Renounce Religion


You were on level 4 of the Dungeon.
You worshipped Xom.
You were a favourite toy of Xom.
You were not thirsty.

You visited 1 branch of the dungeon, and saw 4 of its levels.

You collected 192 gold pieces.

Inventory:

Hand Weapons
 a - a +0 falchion of chaos (weapon)
 k - a +2 falchion of slicing
Armour
 b - a +2 leather armour (worn)
 e - a cursed +0 leather armour
 u - a +1 hat (worn)
Jewellery
 p - a +5 amulet of reflection {unknown}
 w - a cursed amulet of inaccuracy {unknown}
Wands
 r - a wand of paralysis (17/24)
Scrolls
 d - 3 scrolls of random uselessness {unknown}
 f - 5 scrolls of identify {unknown}
 h - a scroll of enchant weapon {unknown}
 o - a scroll of immolation {unknown}
 q - a scroll of remove curse {unknown}
Potions
 c - 19 potions of blood
 g - 5 potions of curing {unknown}
 i - a potion of cancellation {unknown}
 j - a potion of resistance {unknown}
 l - a potion of magic {unknown}
 m - 2 potions of haste {unknown}
 n - a potion of agility {unknown}
 s - 2 potions of mutation {unknown}
 t - a potion of lignification {unknown}
 v - a potion of flight {unknown}


   Skills:
 + Level 4.1 Fighting
 + Level 4.3 Long Blades
 - Level 0.7 Armour
 - Level 2.1 Dodging


You had 3 spell levels left.
You didn't know any spells.

Dungeon Overview and Level Annotations

Branches:
Dungeon (4/15)
 Temple: D:4-7

Altars:
Qazlal
Xom


Innate Abilities, Weirdness & Mutations

You have razor-sharp teeth.
You have supernaturally acute eyesight. (SInv)
You can survive without breathing.
You possess an exceptional clarity of mind.
You are clumsy. (Dex -2)
You are somewhat resistant to further mutation.
You passively map a small area around you.
Your system is resistant to poisons. (rPois)


Message History

The orc priest hits you with a club. The orc wizard hits you with a dagger.
The orc barely misses you.
You hit the orc wizard.
The orc wizard is poisoned.
The orc wizard is severely wounded.
The orc priest hits you but does no damage.
The orc wizard mumbles some strange words.
The orc wizard seems to speed up.
The orc hits you but does no damage.
You closely miss the orc priest.
The orc wizard mumbles some strange words.
The orc wizard blinks!
The orc priest calls down the wrath of Beogh upon you.
Beogh smites you! The orc closely misses you.
You closely miss the orc priest. The orc priest barely misses you.
The orc hits you with a mace.
You hit the orc priest.
The orc priest is moderately wounded.
The orc priest calls down the wrath of Beogh upon you.
Beogh smites you!
You die...
Xom howls with laughter!

* , ,## .. , #. ,
*.## *..# , * #.#
, , * #o##### , ,
..,,* ##@o...## ,
....####.......##
,
......).....o...#
...###.........#
, #..<......# , *
#.........# ,
#.........# , , *
, ...........# **
#...........#


You could see an orc priest, an orc wizard and an orc.

Vanquished Creatures
  4 adders
  An ooze (D:2)
  A worm (D:2)
  4 dart slugs
  A leopard gecko (D:3)
  5 orcs
  7 bats
  14 goblins
  5 hobgoblins
  6 jackals
  3 quokkas (D:2)
  4 frilled lizards (D:1)
  7 kobolds
  6 rats
68 creatures vanquished.

Notes
Turn   | Place    | Note
-------+----------+-------------------------------------------
     0 | D:1      | Jannitor the Vampire Chaos Knight began the quest for the Orb.
     0 | D:1      | Reached XP level 1. HP: 17/17 MP: 1/1
    75 | D:1      | Reached XP level 2. HP: 14/24 MP: 2/2
   249 | D:1      | XOM: harmless Fire miscast
   514 | D:1      | XOM: harmless Air miscast
   710 | D:1      | XOM: noise
   759 | D:1      | XOM: noise
  1069 | D:2      | Reached XP level 3. HP: 29/29 MP: 3/3
  1519 | D:2      | XOM: 1-stop teleportation journey
  1574 | D:2      | XOM is BORED!
  1574 | D:2      | XOM: give mutations
  1574 | D:2      | Gained mutation: You are clumsy. (Dex -2) [Xom's mischief]
  1574 | D:2      | Gained mutation: Your system is resistant to poisons. (rPois) [Xom's mischief]
  1679 | D:2      | XOM: 4-stop teleportation journey
  1751 | D:2      | Reached XP level 4. HP: 28/37 MP: 4/4
  1849 | D:2      | Found a stormy altar of Qazlal.
  1849 | D:2      | Noticed a water elemental
  1852 | D:2      | Noticed an air elemental
  1852 | D:2      | Noticed an earth elemental
  1852 | D:2      | Noticed a fire elemental
  1906 | D:2      | XOM: scenery: create altars
  2202 | D:3      | XOM: summons 3 hostile shadow creatures
  2765 | D:3      | XOM: give mutations
  2765 | D:3      | Gained mutation: You are somewhat resistant to further mutation. [Xom's grace]
  2765 | D:3      | Gained mutation: You possess an exceptional clarity of mind. [Xom's grace]
  2936 | D:3      | XOM: give mutation
  2936 | D:3      | Gained mutation: You passively map a small area around you. [Xom's grace]
  3089 | D:4      | XOM: confuse monster(s)
  3105 | D:4      | Killed from afar by an orc priest

Skill      XL: |  1  2  3  4 |
---------------+-------------+-----
Fighting       | 3 4 |  4.1
Long Blades    | 4 |  4.3
Armour         | |  0.7
Dodging        | |  2.1

Action                   |  1- 3 |  4- 6 || total
-------------------------+-------+-------++-------
Melee: Falchion          |   109 |    74 ||   183
       Bite              |     7 |     8 ||    15
  Use: Potion            |     5 |     6 ||    11
 Stab: Sleeping          |     2 |       ||     2
       Confused          |     1 |       ||     1
Armor: Leather armour    |    30 |    17 ||    47
Dodge: Dodged            |    84 |    52 ||   136
       Rpst.: Falchion   |    29 |    16 ||    45
